[Event "Friday 19 January Rapid Engine Tour 12+1 Rounds 9 Starts 1600 ST"]
[Site "Infinity Chess"]
[Date "2018.1.19"]
[Round "5"]
[White "star99"]
[Black "CrapCleaner"]
[Result "1/2-1/2"]
[ECO "D31"]
[WhiteElo "2417"]
[BlackElo "2449"]
[WhiteEngine "Cryptic AIL V1"]
[BlackEngine "komodo-11.2.2-64bit_CTG"]
[EventType "Swiss"]
[WhiteTeam ""]
[BlackTeam ""]
[PlyCount "128"]
[TimeControl "720+1"]

1. d4 d5 2. c4 e6 3. Nc3 c6 4. e4 dxe4 5. Nxe4 Bb4+ 6. Bd2 Qxd4 7. Bxb4 Qxe4+ 
8. Be2 Na6 9. Ba5 b6 10. Qd6 Bd7 11. Bc3 f6 12. O-O-O O-O-O 13. Qa3 Kb7 
14. Bf3 Qf4+ 15. Rd2 Qc7 16. Ne2 e5 17. Rhd1 Nh6 18. Ng3 Nf7 19. b4 h5 
20. h3 Ng5 21. b5 Nb8 22. Bb4 Nxf3 23. Qxf3 Be6 24. Bd6 Qc8 25. c5 f5 
26. Bxe5 Rxd2 27. Rxd2 Rd8 28. Bd6 g5 29. Nxh5 g4 30. hxg4 fxg4 31. Qe4 Ka8 
32. Ng7 Bf7 33. bxc6 Nxc6 34. Nf5 Qb7 35. cxb6 axb6 36. Bg3 Rxd2 37. Kxd2 Na5 
38. Qxb7+ Nxb7 39. Ne3 Nc5 40. a3 Be6 41. Kc3 Kb7 42. Kd4 Kc6 43. Bh4 b5 
44. Bg5 Bc8 45. Be7 Na4 46. Bb4 Nb2 47. f3 gxf3 48. gxf3 Nc4 49. Nd5 Bh3 
50. f4 Nd6 51. Ke5 Nc4+ 52. Kd4 Nd6 53. Nc3 Bd7 54. Ke3 Bf5 55. Kd4 Bd7 
56. Nd1 Be8 57. Nf2 Bg6 58. Ng4 Nf5+ 59. Ke5 Nh4 60. Nh6 Nf3+ 61. Kf6 Bd3 
62. f5 Nh4 63. Kg5 Nxf5 64. Nxf5 Bxf5 1/2-1/2

[Event "Friday 19 January Rapid Engine Tour 12+1 Rounds 9 Starts 1600 ST"]
[Site "Infinity Chess"]
[Date "2018.1.19"]
[Round "5"]
[White "angriff"]
[Black "NINJA_JENGKA"]
[Result "1/2-1/2"]
[ECO "B90"]
[WhiteElo "2451"]
[BlackElo "2430"]
[WhiteEngine "Raubfisch ME262_GTZ16b2_CTG"]
[BlackEngine "Houdini 6_CTG"]
[EventType "Swiss"]
[WhiteTeam ""]
[BlackTeam ""]
[PlyCount "125"]
[TimeControl "720+1"]

1. e4 c5 2. Nf3 d6 3. d4 cxd4 4. Nxd4 Nf6 5. Nc3 a6 6. Be3 e5 7. Nf3 Qc7 
8. a4 Be7 9. Be2 Nbd7 10. O-O Nc5 11. Nd2 Be6 12. a5 O-O 13. Bf3 Qc6 
14. Qe2 Rfe8 15. Bg5 Ncd7 16. Rfe1 h6 17. Be3 Rac8 18. Red1 Nh7 19. h3 Bg5 
20. Nf1 Ndf6 21. Ba7 Qd7 22. Ne3 Bxe3 23. Bxe3 Rc6 24. Qd2 Rec8 25. Rac1 Qc7 
26. Bb6 Qd7 27. Be3 Qc7 28. Na4 Nd7 29. Bb6 Qb8 30. h4 Nhf6 31. b3 Nxb6 
32. Nxb6 Rf8 33. c4 Nd7 34. Nd5 Bxd5 35. exd5 Rc7 36. b4 f5 37. c5 e4 
38. Be2 Ne5 39. Qe3 Qd8 40. h5 Qf6 41. c6 Kh7 42. Rc3 bxc6 43. dxc6 Rxc6 
44. Rxc6 Nxc6 45. Qb6 Qc3 46. Qxa6 d5 47. Rxd5 e3 48. Rd1 Nd4 49. Bd3 exf2+ 
50. Kxf2 Qb3 51. Rf1 Qxb4 52. Qc4 Qd6 53. g3 Nc6 54. Kg2 Nxa5 55. Bxf5+ Kh8 
56. Qe6 Qxe6 57. Bxe6 Rxf1 58. Kxf1 g6 59. g4 gxh5 60. gxh5 Kg7 61. Ba2 Kh7 
62. Kg2 Nc6 63. Bd5 1/2-1/2

[Event "Friday 19 January Rapid Engine Tour 12+1 Rounds 9 Starts 1600 ST"]
[Site "Infinity Chess"]
[Date "2018.1.19"]
[Round "5"]
[White "RonWeasley"]
[Black "Dinkelberger"]
[Result "1-0"]
[ECO "C11"]
[WhiteElo "2464"]
[BlackElo "2441"]
[WhiteEngine "BrainFish 130117_CTG"]
[BlackEngine "stockfish_18011309_x64_modern_CTG"]
[EventType "Swiss"]
[WhiteTeam ""]
[BlackTeam ""]
[PlyCount "189"]
[TimeControl "720+1"]

1. e4 e6 2. d4 d5 3. Nc3 Nf6 4. e5 Nfd7 5. f4 c5 6. Nf3 Nc6 7. Be3 a6 8. Qd2 b5 
9. a3 Bb7 10. Bd3 Qb6 11. Qf2 g6 12. dxc5 Bxc5 13. Bxc5 Qxc5 14. Qxc5 Nxc5 
15. Ne2 Ne4 16. a4 b4 17. a5 O-O 18. Ned4 Nc5 19. g3 Nb8 20. Ke2 Nbd7 
21. Ke3 Rae8 22. h4 f6 23. Rhf1 Re7 24. g4 Rfe8 25. Rae1 Ne4 26. Ra1 Nec5 
27. exf6 Nxf6 28. Ne5 Rf8 29. Rae1 Bc8 30. Rg1 Rg7 31. Nec6 Rgf7 32. h5 gxh5 
33. gxh5+ Kh8 34. Ne5 Rb7 35. h6 Ng8 36. Rg5 Nxd3 37. cxd3 Nxh6 38. Rh1 Nf5+ 
39. Nxf5 Rxf5 40. Rxf5 exf5 41. Rh6 Rc7 42. Rb6 Kg7 43. Rxb4 Bd7 44. Rb6 Bb5 
45. Nf3 Rc2 46. Nd4 Rxb2 47. Nxf5+ Kg8 48. Nd6 Rb3 49. Nxb5 axb5 50. Rb7 Ra3 
51. Rxb5 h5 52. Rxd5 h4 53. Rh5 Kf7 54. a6 Rxa6 55. Rxh4 Re6+ 56. Kf3 Re1 
57. d4 Ke6 58. Rh6+ Ke7 59. f5 Kf7 60. Kf4 Ke7 61. f6+ Ke8 62. d5 Rf1+ 
63. Ke5 Re1+ 64. Kf5 Rf1+ 65. Ke6 Re1+ 66. Kd6 Ra1 67. Rh7 Rb1 68. f7+ Kf8 
69. Kd7 Rd1 70. Rh8+ Kxf7 71. d6 Ra1 72. Rc8 Ra2 73. Kc7 Rc2+ 74. Kd8 Ra2 
75. d7 Ke6 76. Ke8 Rg2 77. Rc6+ Kf5 78. d8=Q Rg8+ 79. Kd7 Rxd8+ 80. Kxd8 Ke4 
81. Re6+ Kd4 82. Kc7 Kd5 83. Kd7 Kc4 84. Rd6 Kc5 85. Kc7 Kb4 86. Kb6 Kc4 
87. Rd8 Kb3 88. Kb5 Kc3 89. Rd6 Kb2 90. Kc4 Kc2 91. Kb4 Kb2 92. Rc6 Ka1 
93. Kb3 Kb1 94. Rc4 Ka1 95. Rc1# 1-0

[Event "Friday 19 January Rapid Engine Tour 12+1 Rounds 9 Starts 1600 ST"]
[Site "Infinity Chess"]
[Date "2018.1.19"]
[Round "5"]
[White "Vimtiroba"]
[Black "Marsell"]
[Result "1/2-1/2"]
[ECO "C55"]
[WhiteElo "2496"]
[BlackElo "2492"]
[WhiteEngine "SF@Infinity_CTG"]
[BlackEngine "asmFishW_2018-01-11_popcnt"]
[EventType "Swiss"]
[WhiteTeam ""]
[BlackTeam ""]
[PlyCount "113"]
[TimeControl "720+1"]

1. e4 e5 2. Nf3 Nc6 3. Bc4 Nf6 4. d3 Bc5 5. O-O d6 6. c3 O-O 7. Re1 a5 8. h3 h6 
9. Nbd2 Be6 10. Bb5 Qb8 11. Re2 Qa7 12. Nf1 a4 13. Ng3 Qa5 14. Bxc6 bxc6 
15. Nh4 Rfe8 16. Re1 d5 17. exd5 cxd5 18. Rxe5 Bf8 19. Qc2 c5 20. Bd2 Qc7 
21. Re2 c4 22. Be3 a3 23. b4 cxb3 24. axb3 Rec8 25. Bd4 Ne8 26. Nf3 Nd6 
27. Be5 Bd7 28. Ree1 Qb7 29. Ne2 Nf5 30. Qd1 d4 31. Nexd4 f6 32. Nxf5 fxe5 
33. Ne3 Rxc3 34. Nxe5 Be6 35. d4 Rxb3 36. d5 Rb5 37. Ng6 Bxd5 38. Nxf8 Kxf8 
39. Nf5 Rba5 40. Re7 Qc6 41. Rxg7 Bf7 42. Rc1 Qe6 43. Qd4 Qxf5 44. Rc7 R5a6 
45. Rcxf7+ Qxf7 46. Rxf7+ Kxf7 47. Qd7+ Kg8 48. Qd5+ Kg7 49. f4 a2 50. Qd7+ Kf8 
51. Qf5+ Ke7 52. Qe5+ Re6 53. Qg7+ Kd6 54. Qd4+ Ke7 55. Qg7+ Kd6 56. Qd4+ Ke7 
57. Qg7+ 1/2-1/2

[Event "Friday 19 January Rapid Engine Tour 12+1 Rounds 9 Starts 1600 ST"]
[Site "Infinity Chess"]
[Date "2018.1.19"]
[Round "5"]
[White "KRAKEN"]
[Black "MGR"]
[Result "1/2-1/2"]
[ECO "E15"]
[WhiteElo "2481"]
[BlackElo "2474"]
[WhiteEngine "Raubfisch ME262_GTZ16b3._CTG"]
[BlackEngine "asmFishW_2017-11-19_bmi2"]
[EventType "Swiss"]
[WhiteTeam ""]
[BlackTeam ""]
[PlyCount "54"]
[TimeControl "720+1"]

1. d4 Nf6 2. c4 e6 3. Nf3 b6 4. g3 Ba6 5. b3 Bb4+ 6. Bd2 Be7 7. Bg2 c6 8. Bc3 d5 
9. Nbd2 Nbd7 10. e4 Nxe4 11. Nxe4 dxe4 12. Ne5 Nxe5 13. dxe5 O-O 14. O-O e3 
15. fxe3 Qc7 16. Qh5 b5 17. Be4 g6 18. Qh6 bxc4 19. g4 cxb3 20. Rf3 Bb4 
21. Bxb4 Qxe5 22. Re1 Qxe4 23. Rh3 Qxg4+ 24. Kh1 Qe4+ 25. Kg1 Qg4+ 26. Kh1 Qe4+ 
27. Kg1 Qg4+ 1/2-1/2

[Event "Friday 19 January Rapid Engine Tour 12+1 Rounds 9 Starts 1600 ST"]
[Site "Infinity Chess"]
[Date "2018.1.19"]
[Round "5"]
[White "Dovahkiin"]
[Black "Neoxium"]
[Result "1/2-1/2"]
[ECO ""]
[WhiteElo "2444"]
[BlackElo "2497"]
[WhiteEngine "BrainFish_180113_x64_modern_CTG"]
[BlackEngine "SF SL FA-IDeA"]
[EventType "Swiss"]
[WhiteTeam ""]
[BlackTeam ""]
[PlyCount "105"]
[TimeControl "720+1"]

1. e3 b6 2. e4 Bb7 3. Nc3 e6 4. d4 Bb4 5. Bd3 Nf6 6. Qe2 c5 7. dxc5 bxc5 
8. Nf3 c4 9. Bxc4 Nxe4 10. O-O Bxc3 11. bxc3 O-O 12. Nd2 Nxd2 13. Qxd2 Qc7 
14. Bd3 Na6 15. Rb1 Nc5 16. Ba3 Rfb8 17. Rfe1 Nxd3 18. cxd3 d5 19. Re3 Ba6 
20. Rbe1 Re8 21. Bb4 Bb5 22. d4 Bc4 23. Rg3 f6 24. f4 a5 25. Ba3 Qf7 
26. Rge3 Qg6 27. Rxe6 Rxe6 28. Rxe6 Rb8 29. h3 Rb1+ 30. Kh2 h5 31. Re1 Rxe1 
32. Qxe1 Bxa2 33. Qe6+ Kh7 34. Bc1 h4 35. Qg4 Qxg4 36. hxg4 Bc4 37. Kh3 Bf1 
38. f5 g5 39. fxg6+ Kxg6 40. Bd2 a4 41. Bc1 Be2 42. Kxh4 f5 43. gxf5+ Kxf5 
44. Ba3 Ke4 45. Kg5 Kd3 46. Bb4 Kc4 47. Kf6 Kb3 48. Ke5 a3 49. Bxa3 Kxa3 
50. Kxd5 Kb3 51. Ke5 Kc4 52. Kd6 Bd3 53. d5 1/2-1/2

[Event "Friday 19 January Rapid Engine Tour 12+1 Rounds 9 Starts 1600 ST"]
[Site "Infinity Chess"]
[Date "2018.1.19"]
[Round "5"]
[White "Deep SKY"]
[Black "xeonrocks"]
[Result "1/2-1/2"]
[ECO "A05"]
[WhiteElo "2469"]
[BlackElo "2544"]
[WhiteEngine "BrainFish_180106_x64_CTG"]
[BlackEngine "asmFishW_CTG"]
[EventType "Swiss"]
[WhiteTeam ""]
[BlackTeam ""]
[PlyCount "107"]
[TimeControl "720+1"]

1. Nf3 Nf6 2. d4 d5 3. c4 e6 4. Nc3 c6 5. e3 Nbd7 6. Qc2 Bd6 7. Bd3 O-O 
8. O-O dxc4 9. Bxc4 a6 10. Rd1 b5 11. Bd3 Bb7 12. Ng5 h6 13. Nge4 Bc7 14. b4 a5 
15. bxa5 Rxa5 16. a3 Qe7 17. Bb2 Nd5 18. Nxd5 exd5 19. Ng3 Rfa8 20. e4 Nb6 
21. Re1 Qf8 22. exd5 Nxd5 23. Bh7+ Kh8 24. Be4 Qd6 25. Bxd5 Qxd5 26. Re7 c5 
27. Ne4 Qd8 28. Rxf7 Bxh2+ 29. Kxh2 Qh4+ 30. Kg1 Bxe4 31. Qxc5 b4 32. Rxg7 bxa3 
33. Bc3 Kxg7 34. Bxa5 Qg4 35. f3 Bxf3 36. Ra2 Kh7 37. Bc3 Rc8 38. Qxa3 Bd5 
39. Qe7+ Qg7 40. Ra7 Qxe7 41. Rxe7+ Kg6 42. Re3 h5 43. g3 Kf5 44. Re5+ Kg4 
45. Be1 Ba8 46. Kf2 Rc2+ 47. Ke3 Bf3 48. Kd3 Ra2 49. d5 Ra6 50. Re6 Rxe6 
51. dxe6 h4 52. e7 Bc6 53. gxh4 Kf5 54. Ba5 1/2-1/2

[Event "Friday 19 January Rapid Engine Tour 12+1 Rounds 9 Starts 1600 ST"]
[Site "Infinity Chess"]
[Date "2018.1.19"]
[Round "4"]
[White "Thinker"]
[Black "BraveDevil"]
[Result "1/2-1/2 "]
[ECO "B90"]
[WhiteElo "2440"]
[BlackElo "2369"]
[WhiteEngine "BrainFish_180113_x64_modern_CTG"]
[BlackEngine "Cryptic AIL V1"]
[EventType "Swiss"]
[WhiteTeam ""]
[BlackTeam ""]
[PlyCount "181"]
[TimeControl "720+1"]

1. e4 c5 2. Nf3 d6 3. d4 cxd4 4. Nxd4 Nf6 5. Nc3 a6 6. h3 e5 7. Nb3 Be7 
8. Be3 O-O 9. g4 Be6 10. g5 Nfd7 11. h4 a5 12. a3 Nc6 13. Bb5 Nc5 14. Nxc5 dxc5 
15. Qd3 Rb8 16. O-O-O Qxd3 17. Bxd3 c4 18. Bf1 b5 19. Nd5 Rfd8 20. Nxe7+ Nxe7 
21. Rxd8+ Rxd8 22. Bb6 Ra8 23. h5 Nc6 24. Be2 Rb8 25. Bc5 Nd4 26. Bd1 Re8 
27. Bb6 a4 28. Kd2 Nc6 29. Kc3 Rb8 30. Bc5 Rd8 31. Be3 Rd7 32. Re1 h6 
33. gxh6 gxh6 34. f4 exf4 35. Bxf4 Kh7 36. Be3 Re7 37. Rf1 Kg7 38. Rg1+ Kh7 
39. Bf3 Ne5 40. Be2 Bh3 41. Rd1 Bg4 42. Bxg4 Nxg4 43. Bd4 Rxe4 44. Kb4 f5 
45. Kxb5 f4 46. Kxa4 f3 47. Kb5 f2 48. Bxf2 Nxf2 49. Rd7+ Kg8 50. a4 c3 
51. bxc3 Re5+ 52. Kb4 Re1 53. a5 Rb1+ 54. Kc4 Ra1 55. Kb5 Rb1+ 56. Kc6 Ra1 
57. Kb6 Rb1+ 58. Ka7 Rb2 59. Rd4 Rxc2 60. Kb6 Rxc3 61. a6 Kg7 62. a7 Ra3 
63. Rd5 Rxa7 64. Kxa7 Ne4 65. Kb6 Kf6 66. Kb7 Ke6 67. Kc6 Nc3 68. Ra5 Ne4 
69. Rd5 Nf6 70. Ra5 Ng4 71. Rb5 Nf6 72. Ra5 Ne8 73. Kb7 Nd6+ 74. Kc7 Ne4 
75. Kc6 Nd6 76. Kc7 Ne4 77. Kc8 Nd6+ 78. Kb8 Ne4 79. Kc7 Nf6 80. Rc5 Nd5+ 
81. Kd8 Nf6 82. Kc7 Nd5+ 83. Kc6 Nf6 84. Rb5 Nd7 85. Kc7 Nf6 86. Kc6 Nd7 
87. Kb7 Ne5 88. Rc5 Nd7 89. Ra5 Ne5 90. Kc7 Ng4 91. Kc6 1/2-1/2

[Event "Friday 19 January Rapid Engine Tour 12+1 Rounds 9 Starts 1600 ST"]
[Site "Infinity Chess"]
[Date "2018.1.19"]
[Round "4"]
[White "Boggyman"]
[Black "OlivierEvan"]
[Result "1/2-1/2"]
[ECO "C18"]
[WhiteElo "2457"]
[BlackElo "2377"]
[WhiteEngine "Raubfisch ME262_GTZ16b3._CTG"]
[BlackEngine "stockfish_18011309_x64"]
[EventType "Swiss"]
[WhiteTeam ""]
[BlackTeam ""]
[PlyCount "169"]
[TimeControl "720+1"]

1. e4 e6 2. d4 d5 3. Nc3 Bb4 4. e5 c5 5. a3 Bxc3+ 6. bxc3 Qa5 7. Bd2 Qa4 
8. Qb1 c4 9. Ne2 f6 10. f4 Nc6 11. g3 Nge7 12. Bh3 f5 13. Bg2 b6 14. Be3 h6 
15. Qb2 Bd7 16. O-O O-O-O 17. h3 Kb7 18. Rab1 Rhg8 19. h4 Kb8 20. Bf3 Be8 
21. Kf2 Bd7 22. Ra1 Rgf8 23. Kg2 Bc8 24. Rfb1 Bd7 25. Nc1 Rg8 26. Ne2 Rgf8 
27. Nc1 Ka8 28. Be2 Rg8 29. Nb3 Rb8 30. Nd2 Rbc8 31. Qc1 Rc7 32. Nf3 Be8 
33. Nd2 Qa5 34. Qb2 Qa6 35. a4 Qc8 36. Qa3 Na5 37. Bf3 Bf7 38. Qc1 Nec6 
39. Qd1 Be8 40. Kg1 Bf7 41. Qf1 Bg6 42. Kg2 Bf7 43. Qh1 Kb8 44. Qf1 Be8 
45. Qh1 Qd8 46. Qc1 Qc8 47. Be2 Bf7 48. Bf3 Bg6 49. Qh1 Bf7 50. Be2 Qe8 
51. Qd1 Qd8 52. Qe1 Nb7 53. Bf3 Nba5 54. Be2 Be8 55. Bf3 Nb7 56. Qf2 Qc8 
57. Qe1 Nba5 58. Qc1 Ne7 59. Qb2 Nec6 60. Qc1 Ne7 61. Kh1 Bc6 62. Kh2 Qd7 
63. Qb2 Qe8 64. Qa3 Ka8 65. Kg1 Qd8 66. Qd6 Bd7 67. Qb4 Be8 68. Qa3 Kb8 
69. Qd6 Qc8 70. Qb4 Nec6 71. Qa3 Qd7 72. Qb2 Bg6 73. Qc1 Be8 74. Kf2 Qf7 
75. Kg2 Rh8 76. Qa3 Qd7 77. Kh1 Bf7 78. Qc1 Qe8 79. Qd1 Rg8 80. Kg1 Qe7 
81. Qc1 Qe8 82. Qd1 Qf8 83. Rb2 Rh8 84. Qe2 Qe7 85. Rab1 1/2-1/2

[Event "Friday 19 January Rapid Engine Tour 12+1 Rounds 9 Starts 1600 ST"]
[Site "Infinity Chess"]
[Date "2018.1.19"]
[Round "4"]
[White "Wolle"]
[Black "ocirema"]
[Result "1/2-1/2"]
[ECO "B90"]
[WhiteElo "2447"]
[BlackElo "2430"]
[WhiteEngine "Raubfisch X37a2_CTG"]
[BlackEngine "stockfish_18011309_x64_modern_CTG"]
[EventType "Swiss"]
[WhiteTeam ""]
[BlackTeam ""]
[PlyCount "103"]
[TimeControl "720+1"]

1. e4 c5 2. Nf3 d6 3. d4 cxd4 4. Nxd4 Nf6 5. Nc3 a6 6. Be3 e5 7. Nb3 Be6 
8. h3 Be7 9. f4 Nc6 10. f5 Bxb3 11. axb3 Nb4 12. g3 d5 13. exd5 Qc7 14. d6 Bxd6 
15. Nb5 Nxc2+ 16. Ke2 Qc6 17. Nxd6+ Ke7 18. Rc1 Nxe3 19. Rxc6 Nxd1 20. Nxb7 Rhb8 
21. Rc7+ Kf8 22. Bg2 Nxb2 23. Rhc1 e4 24. Nd6 Rd8 25. Bxe4 Nxe4 26. Nxe4 Re8 
27. Kf3 Rad8 28. Nc5 Nd3 29. Rc3 Nxc5 30. R7xc5 Rd6 31. g4 g5 32. fxg6 hxg6 
33. Rc6 Ree6 34. Rxd6 Rxd6 35. b4 Rd4 36. Rb3 Rc4 37. h4 Ke7 38. b5 axb5 
39. Rxb5 Kf6 40. g5+ Kg7 41. h5 gxh5 42. Ke2 h4 43. Kf3 h3 44. Kf2 Rc2+ 
45. Kg1 h2+ 46. Kh1 f6 47. gxf6+ Kg6 48. Re5 Rd2 49. Re8 Ra2 50. Rh8 Kxf6 
51. Rh5 Ke6 52. Rxh2 1/2-1/2

[Event "Friday 19 January Rapid Engine Tour 12+1 Rounds 9 Starts 1600 ST"]
[Site "Infinity Chess"]
[Date "2018.1.19"]
[Round "4"]
[White "Katzenmaier"]
[Black "hafaba"]
[Result "1/2-1/2"]
[ECO "B00"]
[WhiteElo "2481"]
[BlackElo "2474"]
[WhiteEngine "S_XPrO.251117.x64.POPCNT_CTG"]
[BlackEngine "Stockfish SL 07012018 POPCNT_CTG"]
[EventType "Swiss"]
[WhiteTeam ""]
[BlackTeam ""]
[PlyCount "115"]
[TimeControl "720+1"]

1. e4 Nc6 2. Nc3 e5 3. g3 Bc5 4. Bg2 d6 5. Nge2 f5 6. O-O Nf6 7. d4 Nxd4 
8. Be3 f4 9. Bxd4 exd4 10. Nxd4 fxg3 11. fxg3 O-O 12. Na4 Qe7 13. Nxc5 dxc5 
14. Ne2 c6 15. Qd3 Re8 16. Nf4 Ng4 17. Qb3+ Kh8 18. Rae1 Ne5 19. Qc3 c4 
20. b3 b5 21. bxc4 Qc5+ 22. Kh1 Qxc4 23. Qxc4 bxc4 24. Rb1 g6 25. Kg1 Kg7 
26. Ne2 Ba6 27. Rfd1 Rab8 28. Nc3 Rb6 29. h3 Rf8 30. Rxb6 axb6 31. a4 Rf7 
32. Rd8 Rd7 33. Rxd7+ Nxd7 34. Kf2 Kf6 35. Ke3 Nc5 36. e5+ Kxe5 37. Bxc6 Bc8 
38. h4 Be6 39. Be8 Bf5 40. Kd2 Be6 41. Ke3 Bf5 42. Kd2 Bg4 43. Bf7 Kd4 
44. Bg8 h6 45. Bf7 g5 46. Nb5+ Ke4 47. hxg5 hxg5 48. Nd6+ Kf3 49. Nxc4 Nxa4 
50. Be8 Nc5 51. Nxb6 Kxg3 52. Ke3 Bf5 53. c4 g4 54. Nd5 Kh3 55. Kf4 Be4 
56. Bd7 Nxd7 57. Kxe4 g3 58. Ne3 1/2-1/2

[Event "Friday 19 January Rapid Engine Tour 12+1 Rounds 9 Starts 1600 ST"]
[Site "Infinity Chess"]
[Date "2018.1.19"]
[Round "4"]
[White "NINJA_JENGKA"]
[Black "Satria_Ungu"]
[Result "1/2-1/2"]
[ECO "A04"]
[WhiteElo "2431"]
[BlackElo "2405"]
[WhiteEngine "Houdini 6_CTG"]
[BlackEngine "Houdini 6"]
[EventType "Swiss"]
[WhiteTeam ""]
[BlackTeam ""]
[PlyCount "76"]
[TimeControl "720+1"]

1. Nf3 c5 2. c4 Nf6 3. e3 e6 4. d4 d5 5. a3 dxc4 6. Bxc4 a6 7. O-O b5 
8. Be2 Nbd7 9. b3 Bb7 10. h3 cxd4 11. Nxd4 Rc8 12. Bb2 Be7 13. Nd2 O-O 
14. Bf3 Nd5 15. Qe2 g6 16. b4 Ne5 17. Bxd5 Qxd5 18. e4 Qd6 19. Rad1 Rfe8 
20. Ba1 Ba8 21. f4 Nd7 22. Kh1 Red8 23. Qf2 Bf8 24. f5 exf5 25. exf5 Ne5 
26. N2b3 g5 27. Nc5 h6 28. Qe2 Nc4 29. Nde6 Qe7 30. Rxd8 Rxd8 31. Ne4 Bxe4 
32. Nxd8 Ne3 33. Rc1 Nxf5 34. Kg1 Qa7+ 35. Qf2 Qd7 36. Re1 Bxg2 37. Qxg2 Qxd8 
38. Qc6 a5 1/2-1/2

[Event "Friday 19 January Rapid Engine Tour 12+1 Rounds 9 Starts 1600 ST"]
[Site "Infinity Chess"]
[Date "2018.1.19"]
[Round "4"]
[White "Dinkelberger"]
[Black "star99"]
[Result "1/2-1/2"]
[ECO "B90"]
[WhiteElo "2442"]
[BlackElo "2416"]
[WhiteEngine "stockfish_18011309_x64_modern_CTG"]
[BlackEngine "Cryptic AIL V1"]
[EventType "Swiss"]
[WhiteTeam ""]
[BlackTeam ""]
[PlyCount "157"]
[TimeControl "720+1"]

1. e4 c5 2. Nf3 d6 3. d4 cxd4 4. Nxd4 Nf6 5. Nc3 a6 6. h3 e5 7. Nde2 Be7 
8. g4 O-O 9. Ng3 b5 10. a3 Be6 11. Nf5 Nc6 12. Bg2 Re8 13. h4 Rc8 14. g5 Nd7 
15. Be3 Na5 16. Nd5 Bxd5 17. exd5 Nc4 18. Bc1 Ncb6 19. b3 Qc7 20. Ra2 Bf8 
21. Ng3 e4 22. O-O Nc5 23. Re1 Re5 24. Bb2 Rxd5 25. Qg4 Rd2 26. Nxe4 Nxe4 
27. Bxe4 d5 28. Bc1 Rxf2 29. Bxh7+ Kxh7 30. Kxf2 Qh2+ 31. Qg2 Qxh4+ 32. Qg3 Bc5+ 
33. Be3 Qxg3+ 34. Kxg3 d4 35. Bd2 Kg6 36. Kg4 Nd7 37. Bf4 Bb6 38. a4 f5+ 
39. gxf6 Nxf6+ 40. Kf3 bxa4 41. bxa4 Rc3+ 42. Ke2 Ne4 43. Rb2 Bd8 44. Bd2 Ra3 
45. Rg1+ Kf5 46. Rb8 Bf6 47. Re8 Ng3+ 48. Ke1 a5 49. Kf2 Ne4+ 50. Ke2 Nxd2 
51. Kxd2 Rxa4 52. Rf1+ Kg6 53. Rg1+ Kf7 54. Rb8 Ra2 55. Rb6 Ra3 56. Rb3 Ra2 
57. Rb5 Ra3 58. Rb3 Ra2 59. Rb5 Ra3 60. Rb6 Ke7 61. Re1+ Kd7 62. Ree6 Bg5+ 
63. Ke2 Rc3 64. Kd1 Bf6 65. Ra6 a4 66. Kc1 Bg5+ 67. Kb1 Bf6 68. Kc1 Bg5+ 
69. Kb1 Bf6 70. Re2 Kc7 71. Rxa4 d3 72. cxd3 Rxd3 73. Kc2 Rd5 74. Re6 Kd7 
75. Raa6 Re5 76. Rxe5 Bxe5 77. Kd3 Ke7 78. Ke4 Bf6 79. Kf5 1/2-1/2

[Event "Friday 19 January Rapid Engine Tour 12+1 Rounds 9 Starts 1600 ST"]
[Site "Infinity Chess"]
[Date "2018.1.19"]
[Round "4"]
[White "CrapCleaner"]
[Black "angriff"]
[Result "1/2-1/2"]
[ECO "B00"]
[WhiteElo "2449"]
[BlackElo "2451"]
[WhiteEngine "komodo-11.2.2-64bit_CTG"]
[BlackEngine "Raubfisch ME262_GTZ16b2_CTG"]
[EventType "Swiss"]
[WhiteTeam ""]
[BlackTeam ""]
[PlyCount "99"]
[TimeControl "720+1"]

1. e4 Nc6 2. Nf3 e5 3. Bc4 Nf6 4. d3 Bc5 5. c3 d6 6. O-O a5 7. Bg5 Ba7 
8. Nbd2 O-O 9. Bb3 h6 10. Bh4 Be6 11. a4 g5 12. Bg3 Qd7 13. Bc4 Ne8 14. Bb5 f5 
15. exf5 Rxf5 16. d4 exd4 17. Nxd4 Bxd4 18. cxd4 Qg7 19. Re1 Nxd4 20. Bc4 Bxc4 
21. Nxc4 Rc5 22. Rc1 Nc6 23. Ne3 Rxc1 24. Qxc1 Qf7 25. f4 gxf4 26. Ng4 Kh7 
27. Re4 Qf5 28. Qxf4 Qxf4 29. Bxf4 Kg6 30. Bxh6 d5 31. Rf4 Nb8 32. Rf8 Nd7 
33. Rh8 c5 34. Bd2 d4 35. Kf2 Kg7 36. Rh5 b5 37. Rd5 Nef6 38. Nxf6 Nxf6 
39. Rg5+ Kf7 40. Kf3 bxa4 41. Rxc5 Rb8 42. Rxa5 Rb3+ 43. Ke2 Ne4 44. Rxa4 d3+ 
45. Ke3 Nxd2 46. Kxd2 Rxb2+ 47. Kxd3 Rxg2 48. Rh4 Kg6 49. h3 Rg1 50. Ke4 1/2-1/2

[Event "Friday 19 January Rapid Engine Tour 12+1 Rounds 9 Starts 1600 ST"]
[Site "Infinity Chess"]
[Date "2018.1.19"]
[Round "4"]
[White "neófito"]
[Black "Deep SKY"]
[Result "0-1"]
[ECO "C53"]
[WhiteElo "2456"]
[BlackElo "2453"]
[WhiteEngine "asmFishW_2018-01-12_bmi2"]
[BlackEngine "BrainFish_180106_x64_CTG"]
[EventType "Swiss"]
[WhiteTeam ""]
[BlackTeam ""]
[PlyCount "178"]
[TimeControl "720+1"]

1. e4 e5 2. Nf3 Nc6 3. Bc4 Bc5 4. c3 Nf6 5. d3 d6 6. Bg5 h6 7. Bh4 a6 8. a4 g5 
9. Bg3 O-O 10. b4 Ba7 11. O-O g4 12. Bh4 gxf3 13. Qxf3 Kg7 14. Kh1 Nb8 
15. Rg1 Nbd7 16. Nd2 Rh8 17. Nf1 Nf8 18. Ng3 h5 19. Nxh5+ Rxh5 20. Qxh5 Nxh5 
21. Bxd8 Ne6 22. Bh4 Nhf4 23. Rgd1 c6 24. Bxe6 Bxe6 25. Rd2 d5 26. a5 f6 
27. Bg3 Nh5 28. Bh4 Kf7 29. h3 Rd8 30. Rad1 Bd7 31. Kh2 Nf4 32. Bg3 Nh5 
33. Bh4 Rh8 34. f3 Be3 35. Rc2 Be6 36. Re1 Bf4+ 37. Kg1 Ng3 38. Bxg3 Bxg3 
39. Rd1 Rd8 40. Rcc1 Kg6 41. Rb1 f5 42. exf5+ Bxf5 43. Rb2 Kg5 44. Kf1 Kh4 
45. Ke2 Bg6 46. c4 Bf7 47. c5 d4 48. Rc1 Bf4 49. Rcc2 Kg3 50. Kf1 Be3 
51. Ke1 Rc8 52. Rb1 Rg8 53. Re2 Bh5 54. Kd1 e4 55. dxe4 Bf7 56. Rbb2 Kf4 
57. Red2 Bc4 58. Rdc2 Bb5 59. Ra2 d3 60. Rcb2 Kg3 61. Rb3 Rd8 62. Rbb2 Bc4 
63. Ra3 Bf4 64. Rd2 Bxd2 65. Kxd2 Kxg2 66. Ra1 Kxf3 67. e5 Rg8 68. Rf1+ Ke4 
69. Kc3 Bb5 70. Rf2 Kxe5 71. h4 Rg1 72. h5 Rc1+ 73. Kb2 Rh1 74. Kc3 Ke4 
75. Rg2 Kf3 76. Rg8 Rc1+ 77. Kb2 Rc2+ 78. Kb1 Rh2 79. Rg1 Ke3 80. h6 d2 
81. h7 Bd3+ 82. Ka1 Bxh7 83. b5 Re2 84. bxc6 Re1+ 85. Ka2 Rxg1 86. cxb7 d1=Q 
87. b8=Q Qa1+ 88. Kb3 Rb1+ 89. Kc4 Qd4# 0-1

[Event "Friday 19 January Rapid Engine Tour 12+1 Rounds 9 Starts 1600 ST"]
[Site "Infinity Chess"]
[Date "2018.1.19"]
[Round "4"]
[White "KRAKEN"]
[Black "RonWeasley"]
[Result "1/2-1/2"]
[ECO "E10"]
[WhiteElo "2482"]
[BlackElo "2463"]
[WhiteEngine "Raubfisch ME262_GTZ16b3._CTG"]
[BlackEngine "BrainFish 130117_CTG"]
[EventType "Swiss"]
[WhiteTeam ""]
[BlackTeam ""]
[PlyCount "212"]
[TimeControl "720+1"]

1. d4 Nf6 2. c4 e6 3. Nf3 d5 4. Nc3 c6 5. Bg5 h6 6. Bxf6 Qxf6 7. e3 Nd7 
8. Be2 g6 9. O-O Be7 10. Qc2 O-O 11. Rad1 Qg7 12. a3 a6 13. Rfe1 b5 
14. cxd5 cxd5 15. a4 bxa4 16. Nxa4 Bb4 17. Rf1 Rb8 18. Qc7 Rb7 19. Qc2 Rb8 
20. Ra1 Bb7 21. Nc3 a5 22. Bb5 Nf6 23. Qa4 Rfc8 24. Na2 Bd6 25. Qxa5 Ne4 
26. Rac1 Rd8 27. Nc3 Qf8 28. Qa4 Kg7 29. Bd3 Ra8 30. Qb3 Rdb8 31. Qc2 Nxc3 
32. bxc3 Ra3 33. Ra1 Rba8 34. Qb2 Qc8 35. Rfc1 Qc7 36. g3 Qa5 37. Rab1 Ba6 
38. Bxa6 Rxa6 39. Qb7 Ra2 40. Kg2 Re2 41. Rf1 Rc2 42. Rfc1 Re2 43. h4 Qa4 
44. Ng1 Rd2 45. Nf3 Re2 46. Ng1 Rd2 47. Qb5 Qxb5 48. Rxb5 Raa2 49. Nh3 Ba3 
50. Rcb1 Rab2 51. R1xb2 Rxb2 52. Ra5 Rb3 53. Ra7 Rxc3 54. Nf4 Kf8 55. h5 g5 
56. Ra8+ Kg7 57. Ne2 Rc2 58. Rxa3 Rxe2 59. g4 Kf6 60. Ra7 Rb2 61. Ra6 Kg7 
62. Kf3 Kf6 63. Rd6 Kg7 64. Ra6 Kf6 65. Rc6 Rb3 66. Kg3 Rb2 67. Rc5 Rb7 
68. Rc2 Rb5 69. Kf3 Rb6 70. Rc5 Rb2 71. Rc7 Ra2 72. Kg2 Ra3 73. Kf3 Ra2 
74. Kg3 Rb2 75. Rc5 Ra2 76. Rc6 Ra3 77. Kf3 Ra2 78. Rc7 Ra3 79. Kg3 Ra6 
80. Rb7 Ra3 81. Kf3 Ra4 82. Rb6 Ra2 83. Rb7 Ra4 84. Rb1 Ra2 85. Rb3 Ra4 
86. Rb1 Ra2 87. Rb6 Kg7 88. Rb7 Kf6 89. Rd7 Ra5 90. Kg2 Ra2 91. Rd6 Rb2 
92. Ra6 Kg7 93. Rd6 Kf6 94. Rc6 Kg7 95. Rc1 Kf6 96. Rc8 Rb3 97. Re8 Rb2 
98. Rc8 Rb4 99. Kf3 Rb1 100. Kg2 Rb4 101. Rh8 Rb1 102. Kf3 Rb2 103. Rh7 Ra2 
104. Rh8 Rb2 105. Kg2 Rb3 106. Kf3 Rb2 1/2-1/2